 Dungeon Crawl Stone Soup version 0.25-a0-246-g58704a1ebd (webtiles) character file.

Game seed: 7886941495744978314, levelgen mode: deterministic

5890 MisterFreud the Frost Mage (level 10, -2/74 HPs)
             Began as a Gnoll Ice Elementalist on Dec 3, 2019.
             Was a Follower of Ashenzari.
             Slain by a gargoyle
             ... wielding a +0 flail
              (7 damage)
             ... on level 10 of the Dungeon.
             The game lasted 01:12:34 (13482 turns).

MisterFreud the Frost Mage (GnIE)                  Turns: 13482, Time: 01:12:34

Health: -2/74      AC: 10    Str: 10    XL:     10   Next: 82%
Magic:  18/21      EV: 17    Int: 22    God:    Ashenzari [*.....]
Gold:   198        SH:  5    Dex: 15    Spells: 10/24 levels left

rFire    . . .     SeeInvis .   j - +3 short sword (protect) (curse)
rCold    . . .     Gourm    .   P - +0 buckler
rNeg     + . .     Faith    .   L - -2 robe (curse)
rPois    .         Spirit   .   (no helmet)
rElec    .         Reflect  .   K - +2 cloak {+Inv}
rCorr    +         Harm     .   (no gloves)
MR       .....                  (no boots)
Stlth    ++++......             C - amulet of the acrobat (curse)
HPRegen  0.22/turn              I - ring of resist corrosion
MPRegen  0.17/turn              o - ring of positive energy

@: protection aura
A: distributed training, fangs 1, strong nose
a: Curse Item, Scrying, Renounce Religion, Evoke Invisibility


You were on level 10 of the Dungeon.
You worshipped Ashenzari.
Ashenzari was aware of your devotion.
You were not hungry.

You visited 2 branches of the dungeon, and saw 11 of its levels.

You collected 272 gold pieces.
You spent 74 gold pieces at shops.

Inventory:

Hand Weapons
 a - a +0 morningstar
 j - a cursed +3 short sword of protection (weapon)
 r - the +2 mace of the Heart {vamp, rElec}
   (You found it on level 6 of the Dungeon)

   It inflicts no extra harm, but heals its wielder when it wounds a living foe.
   It insulates you from electricity.
Missiles
 e - 28 bolts
 g - 278 stones (quivered)
 h - 4 boomerangs of dispersal
 i - 52 poisoned darts
 l - 13 boomerangs
 m - 119 arrows
 s - 62 sling bullets
 t - 8 curare-tipped darts
 B - 2 throwing nets
Armour
 k - the cursed +1 chain mail of Life {rPois Str+4 Dex-4}
   (You found it on level 8 of the Dungeon)

   It affects your strength (+4).
   It affects your dexterity (-4).
   It protects you from poison.
   It has a curse placed upon it.
 p - a cursed +0 plate armour
 x - a +0 robe of resistance
 D - a +2 robe of fire resistance
 K - a +2 cloak of invisibility (worn)
 L - a cursed -2 robe (worn)
 P - a +0 buckler (worn)
Jewellery
 o - a ring of positive energy (right hand)
 C - a cursed amulet of the acrobat (around neck)
 G - an uncursed amulet of regeneration
 I - a ring of resist corrosion (left hand)
Wands
 y - a wand of disintegration (2)
 E - a wand of random effects (11)
 Q - a wand of acid (7)
Scrolls
 d - a scroll of fear
 q - 3 scrolls of immolation
 v - a scroll of enchant armour
 w - 2 scrolls of magic mapping
 N - 2 scrolls of fog
 O - a scroll of teleportation
Potions
 b - a potion of berserk rage
 f - 2 potions of might
 n - 2 potions of agility
 u - a potion of curing
 z - a potion of invisibility
 A - 2 potions of cancellation
 F - 3 potions of flight
 H - 2 potions of lignification
 J - a potion of resistance
 M - a potion of heal wounds
Comestibles
 c - 16 rations


   Skills:
 + Level 5.5 Fighting
 + Level 5.5 Short Blades
 + Level 5.5 Long Blades
 + Level 5.5 Axes
 + Level 5.5 Maces & Flails
 + Level 5.5 Polearms
 + Level 5.5 Staves
 + Level 5.5 Slings
 + Level 5.5 Bows
 + Level 5.5 Crossbows
 + Level 5.5 Throwing
 + Level 5.5 Armour
 + Level 7.2 Dodging
 + Level 7.0 Stealth
 + Level 5.5 Shields
 + Level 5.5 Unarmed Combat
 + Level 7.5 Spellcasting
 + Level 4.5 Conjurations
 + Level 4.5 Hexes
 + Level 4.5 Charms
 + Level 4.5 Summonings
 + Level 4.5 Necromancy
 + Level 4.5 Translocations
 + Level 4.5 Transmutations
 + Level 4.5 Fire Magic
 + Level 8.5 Ice Magic
 + Level 4.5 Air Magic
 + Level 4.5 Earth Magic
 + Level 4.5 Poison Magic
 + Level 6.1 Invocations
 + Level 5.5 Evocations


You had 10 spell levels left.
You knew the following spells:

 Your Spells              Type           Power        Failure   Level  Hunger
a - Freeze                Ice            ####         1%          1    None
b - Ozocubu's Armour      Chrm/Ice       #####...     1%          3    None
c - Regeneration          Chrm/Necr      ####......   3%          3    None
d - Vampiric Draining     Necr           ####......   3%          3    None
e - Summon Ice Beast      Ice/Summ       #####...     5%          4    ###....

Your spell library contained the following spells:

 Spells                   Type           Power        Failure   Level  Hunger
 Animate Skeleton         Necr           N/A          1%          1    None
 Pain                     Necr           ####         1%          1    None
 Hailstorm                Conj/Ice       #####...     5%          4    ###....
 Animate Dead             Necr           N/A          12%         4    ###....


Dungeon Overview and Level Annotations

Branches:
Dungeon (10/15)            Temple (1/1) D:6             Orc (0/2) D:10
   Lair: D:8-11

Altars:
Ashenzari
Cheibriados
Dithmenos
Elyvilon
Fedhas
Gozag
Hepliaklqana
Kikubaaqudgha
Makhleb
Nemelex Xobeh
Okawaru
Qazlal
Ru
Sif Muna
Trog
Uskayaw
Vehumet
Wu Jian
Xom
Yredelemnul
The Shining One

Shops:
D:6 *

Annotations:
D:5 exclusion: downstairs
D:7 2 transporters, bmj180's ghost, novice DrCj
D:8 Gastronok


Innate Abilities, Weirdness & Mutations

Your experience applies equally to all skills.
You have very sharp teeth.
Your uncanny sense of smell can sniff out nearby items.


Message History

Press: ? - help, Shift-Dir - straight line, f - leopard gecko, p - gargoyle
Aim: a leopard gecko You kill the leopard gecko!
You feel life coursing into your body. The gargoyle misses you.
You hit the gargoyle but do no damage.
You bite the gargoyle, but do no damage.
The gargoyle is almost destroyed.
You hit the gargoyle but do no damage.
The gargoyle is almost destroyed.
The gargoyle hurls a stone arrow at you.
The stone arrow misses you.
You hit the gargoyle but do no damage.
The gargoyle is almost destroyed.
The gargoyle hurls a stone arrow at you.
The stone arrow hits you!!
* * * LOW HITPOINT WARNING * * *
You hit the gargoyle but do no damage.
The gargoyle is almost destroyed.
The gargoyle hits you with a +0 flail!
You die...

####...)....###
#...........
#........###
##.......#
##...#### ##.##
##'## ##...##
#9@...#
#..†....#
#.........#
+<........+
#.........#
##.......##
##.....##
##...##


You could see a gargoyle.

Vanquished Creatures
  Josephine (D:10)
  A troll (D:10)
  2 hippogriffs (D:10)
  3 wraiths
  A hungry ghost (D:9)
  A water moccasin (D:10)
  An ice beast (D:5)
  2 orc warriors (D:8)
  A phantom (D:10)
  A black bear (D:6)
  3 centaurs
  3 ogres
  3 gnoll sergeants
  3 bullfrogs
  2 jellies
  18 killer bees
  8 howler monkeys
  A bullfrog zombie (D:8)
  6 crimson imps
  5 hounds
  6 orc priests
  6 orc wizards
  Crazy Yiuf (D:6)
  An iguana (D:7)
  2 worker ants
  2 hound zombies
  2 hound skeletons
  A worker ant zombie (D:8)
  8 gnolls
  3 adders
  2 shadow imps
  An ooze (D:1)
  2 adder skeletons
  5 worms
  2 dart slugs
  8 leopard geckos
  19 orcs
  7 bats
  4 giant cockroaches
  3 goblins
  10 hobgoblins
  8 jackals
  8 kobolds
  4 quokkas
  3 ball pythons
  4 frilled lizards
  A leopard gecko zombie (D:9)
  A quokka skeleton (D:4)
  7 rats
197 creatures vanquished.

Vanquished Creatures (collateral kills)
  Maurice (D:9)
  A black bear (D:6)
  2 gnolls (D:7)
  2 jackals (D:6)
6 creatures vanquished.

Grand Total: 203 creatures vanquished

Notes
Turn   | Place    | Note
-------+----------+-------------------------------------------
     0 | D:1      | MisterFreud the Gnoll Ice Elementalist began the quest for
                  | the Orb.
     0 | D:1      | Reached XP level 1. HP: 13/13 MP: 6/6
   156 | D:1      | Reached XP level 2. HP: 19/19 MP: 4/7
   792 | D:2      | Reached XP level 3. HP: 25/25 MP: 9/9
   826 | D:2      | Reached skill level 5 in Spellcasting
  1236 | D:3      | Found a radiant altar of Vehumet.
  1326 | D:2      | Learned a level 3 spell: Ozocubu's Armour
  1399 | D:2      | Reached skill level 1 in Invocations
  1548 | D:2      | Found an ancient bone altar of Kikubaaqudgha.
  1940 | D:2      | Found a white marble altar of Elyvilon.
  1943 | D:2      | Became a worshipper of Elyvilon the Healer
  2093 | D:2      | Reached skill level 1 in Fighting
  2093 | D:2      | Reached skill level 1 in Short Blades
  2093 | D:2      | Reached skill level 1 in Long Blades
  2093 | D:2      | Reached skill level 1 in Axes
  2093 | D:2      | Reached skill level 1 in Maces & Flails
  2093 | D:2      | Reached skill level 1 in Polearms
  2093 | D:2      | Reached skill level 1 in Staves
  2093 | D:2      | Reached skill level 1 in Slings
  2093 | D:2      | Reached skill level 1 in Bows
  2093 | D:2      | Reached skill level 1 in Crossbows
  2093 | D:2      | Reached skill level 1 in Throwing
  2093 | D:2      | Reached skill level 1 in Armour
  2093 | D:2      | Reached skill level 1 in Shields
  2093 | D:2      | Reached skill level 1 in Unarmed Combat
  2093 | D:2      | Reached skill level 1 in Evocations
  2093 | D:2      | Reached XP level 4. HP: 24/32 MP: 8/11
  2376 | D:3      | Reached * piety under Elyvilon
  2392 | D:3      | Reached skill level 1 in Conjurations
  2392 | D:3      | Reached skill level 1 in Hexes
  2392 | D:3      | Reached skill level 1 in Charms
  2392 | D:3      | Reached skill level 1 in Summonings
  2392 | D:3      | Reached skill level 1 in Necromancy
  2392 | D:3      | Reached skill level 1 in Translocations
  2392 | D:3      | Reached skill level 1 in Transmutations
  2392 | D:3      | Reached skill level 1 in Fire Magic
  2392 | D:3      | Reached skill level 1 in Air Magic
  2392 | D:3      | Reached skill level 1 in Earth Magic
  2392 | D:3      | Reached skill level 1 in Poison Magic
  2392 | D:3      | Reached XP level 5. HP: 37/37 MP: 8/12
  3199 | D:5      | Entered Level 5 of the Dungeon
  3412 | D:4      | Reached ** piety under Elyvilon
  3546 | D:5      | Reached XP level 6. HP: 44/44 MP: 10/13
  3805 | D:5      | Noticed an ice beast
  3843 | D:5      | Killed an ice beast
  3843 | D:5      | Reached skill level 5 in Dodging
  4350 | D:5      | Found a shadowy altar of Dithmenos.
  4445 | D:5      | Reached XP level 7. HP: 46/50 MP: 9/15
  4670 | D:6      | Found an iron altar of Okawaru.
  4672 | D:6      | Found a staircase to the Ecumenical Temple.
  4689 | Temple   | Entered the Ecumenical Temple
  4878 | Temple   | Fell from the grace of Elyvilon
  4878 | Temple   | Became a worshipper of Ashenzari the Shackled
  4907 | D:6      | Found a runed translucent door.
  4908 | D:6      | Identified the +2 mace of the Heart {vamp, rElec}
  4908 | D:6      | Noticed Crazy Yiuf
  4917 | D:6      | Killed Crazy Yiuf
  5089 | D:6      | Found Myuptumm's Assorted Antiques.
  5105 | D:6      | Bought a fizzy black potion for 18 gold pieces
  5105 | D:6      | Bought 2 brown potions for 36 gold pieces
  5105 | D:6      | Bought a scroll labeled NOEPEOTARR for 20 gold pieces
  5307 | D:6      | Found an opulent altar of Gozag.
  5649 | D:7      | Found a white marble altar of Elyvilon.
  5668 | D:7      | Reached skill level 5 in Stealth
  5834 | D:6      | Reached XP level 8. HP: 57/57 MP: 14/16
  6003 | D:6      | Found a bloodstained altar of Trog.
  6463 | D:8      | Found a sparkling altar of Nemelex Xobeh.
  6474 | D:7      | Found a transporter.
  6476 | D:7      | Identified the cursed +2 giant club of the Sea {flame, rC+}
  6477 | D:7      | Noticed a moth of wrath
  6480 | D:7      | Found a bloodstained altar of Trog.
  6486 | D:7      | Noticed bmj180's ghost (novice DrCj)
  6500 | D:7      | Identified the +8 dire flail of the Grey Skies {antimagic,
                  | *Slow rPois rC+++}
  6500 | D:7      | Noticed a two-headed ogre
  6501 | D:7      | Found a transporter.
  6557 | D:7      | Found a snail-covered altar of Cheibriados.
  6823 | D:7      | Reached * piety under Ashenzari
  6958 | D:7      | Found a glowing golden altar of the Shining One.
  7016 | D:8      | Noticed a two-headed ogre
  7843 | D:7      | Learned a level 3 spell: Regeneration
  7847 | D:7      | Learned a level 3 spell: Vampiric Draining
  7879 | D:8      | Reached XP level 9. HP: 54/65 MP: 13/18
  7954 | D:9      | Noticed Maurice
  8520 | D:8      | Found a burning altar of Makhleb.
  8801 | D:8      | Noticed Gastronok
  9363 | D:9      | Learned a level 4 spell: Summon Ice Beast
  9408 | D:9      | Reached skill level 8 in Ice Magic
  9483 | D:10     | Entered Level 10 of the Dungeon
  9483 | D:10     | Noticed a troll
  9811 | D:9      | Found a blossoming altar of Fedhas.
  9923 | D:9      | Killed Maurice
 10234 | D:10     | HP: 1/66 [wraith[Josephine] (3)]
 10242 | D:9      | HP: 2/66 [wraith[Josephine] (8)]
 10256 | D:9      | Reached skill level 5 in Invocations
 10986 | D:8      | Got the cursed chain mail of Life {rPois Str+4 Dex-4}
 11140 | D:8      | Reached XP level 10. HP: 20/73 MP: 2/20
 11780 | D:10     | Noticed Josephine
 12122 | D:9      | Reached skill level 5 in Fighting
 12122 | D:9      | Reached skill level 5 in Short Blades
 12122 | D:9      | Reached skill level 5 in Long Blades
 12122 | D:9      | Reached skill level 5 in Axes
 12122 | D:9      | Reached skill level 5 in Maces & Flails
 12122 | D:9      | Reached skill level 5 in Polearms
 12122 | D:9      | Reached skill level 5 in Staves
 12122 | D:9      | Reached skill level 5 in Slings
 12122 | D:9      | Reached skill level 5 in Bows
 12122 | D:9      | Reached skill level 5 in Crossbows
 12122 | D:9      | Reached skill level 5 in Throwing
 12122 | D:9      | Reached skill level 5 in Armour
 12122 | D:9      | Reached skill level 5 in Shields
 12122 | D:9      | Reached skill level 5 in Unarmed Combat
 12122 | D:9      | Reached skill level 5 in Evocations
 12645 | D:10     | Found a staircase to the Orcish Mines.
 12867 | D:10     | Killed Josephine
 13266 | D:8      | Identified the cursed +1 chain mail of Life {rPois Str+4
                  | Dex-4} (You found it on level 8 of the Dungeon)
 13422 | D:10     | Noticed a gargoyle
 13482 | D:10     | Slain by a gargoyle

Levels and vault maps discovered:
D:1:      wander_arrival_chamber, layout_basic
D:2:      layout_loops_cross, lemuel_doored_altar, kiku_gazebo_garden_becter,
          minivault_14
D:3:      layout_rooms, vehumet_crystals, st_stairs_3
D:4:      layout_basic, first_ration
D:5:      layout_basic, kennysheep_mini
D:6:      layout_basic, kennysheep_little_box, trog_ov_bears_minmay,
          lemuel_crystal_altar, minmay_temple_entry_offerings, serial_shops,
          shop_statue, uniq_crazy_yiuf_cottage
D:7:      layout_basic, kennysheep_mini_moat, cheibriados_altar_1,
          gammafunk_ghost_wrathful_warriors, grunt_ogre_cave, elyvilon_altar_5
D:8:      layout_basic, lemuel_coloured_pillars_altar, basic_altar,
          enter_ossuary_1, uniq_gastronok
D:9:      layout_gridville, nicolae_overflow_hidden_temple,
          fedhas_altar_fruit_tree, minmay_fractal_squares_5, uniq_maurice
D:10:     layout_loops_corners, lair_entry_dummy, orc_0_dummy, uniq_josephine
Temple:   dpeg_chambers_temple

Skill      XL: |  1  2  3  4  5  6  7  8  9 10 |
---------------+-------------------------------+-----
Spellcasting   | 5 6 7 |  7.5
Invocations    | 1 2 3 4 5 6 |  6.1
Fighting       | 1 2 3 4 5 |  5.5
Short Blades   | 1 2 3 4 5 |  5.5
Long Blades    | 1 2 3 4 5 |  5.5
Axes           | 1 2 3 4 5 |  5.5
Maces & Flails | 1 2 3 4 5 |  5.5
Polearms       | 1 2 3 4 5 |  5.5
Staves         | 1 2 3 4 5 |  5.5
Slings         | 1 2 3 4 5 |  5.5
Bows           | 1 2 3 4 5 |  5.5
Crossbows      | 1 2 3 4 5 |  5.5
Throwing       | 1 2 3 4 5 |  5.5
Armour         | 1 2 3 4 5 |  5.5
Shields        | 1 2 3 4 5 |  5.5
Unarmed Combat | 1 2 3 4 5 |  5.5
Evocations     | 1 2 3 4 5 |  5.5
Conjurations   | 1 2 3 4 |  4.5
Hexes          | 1 2 3 4 |  4.5
Charms         | 1 2 3 4 |  4.5
Summonings     | 1 2 3 4 |  4.5
Necromancy     | 1 2 3 4 |  4.5
Translocations | 1 2 3 4 |  4.5
Transmutations | 1 2 3 4 |  4.5
Fire Magic     | 1 2 3 4 |  4.5
Air Magic      | 1 2 3 4 |  4.5
Earth Magic    | 1 2 3 4 |  4.5
Poison Magic   | 1 2 3 4 |  4.5
Dodging        | 5 6 7 |  7.2
Stealth        | 5 6 7 |  7.0
Ice Magic      | 8 |  8.5

Action                   |  1- 3 |  4- 6 |  7- 9 | 10-12 || total
-------------------------+-------+-------+-------+-------++-------
Melee: Unarmed           |     2 |       |       |       ||     2
       Dagger            |    35 |       |       |       ||    35
       Bite              |     5 |    25 |    88 |    44 ||   162
       Short sword       |    11 |   164 |   704 |   337 ||  1216
       Punch             |       |       |    11 |     4 ||    15
Throw: Dart              |     2 |     2 |     6 |       ||    10
 Cast: Freeze            |    39 |    31 |    36 |     1 ||   107
       Ozocubu's Armour  |       |     6 |    55 |    18 ||    79
       Vampiric Draining |       |       |    20 |     4 ||    24
       Regeneration      |       |       |     6 |     2 ||     8
       Summon Ice Beast  |       |       |     1 |     2 ||     3
Invok: Curse Item        |       |       |     2 |       ||     2
Evoke: Wand              |       |       |    14 |    14 ||    28
  Use: Scroll            |    10 |     4 |    14 |     3 ||    31
       Potion            |       |       |     5 |     3 ||     8
 Stab: Sleeping          |    12 |    10 |     7 |     1 ||    30
       Distracted        |       |       |     1 |     1 ||     2
  Eat: Chunk             |     3 |     4 |    14 |     3 ||    24
       Ration            |       |     1 |     3 |     2 ||     6
Armor: Robe              |    11 |    62 |   341 |   134 ||   548
Dodge: Dodged            |    60 |    99 |   797 |   385 ||  1341
Block: Buckler           |       |       |       |    26 ||    26

Table legend:
 A = Non-vault XP
 B = Vault XP
 C = Vault XP percentage of total XP
 D = Non-vault monster count
 E = Vault monster count
 F = Vault count percentage of total count
                 A         B        C        D         E       F
            +---------+---------+-------+---------+---------+-------
      Total |    5843 |    2572 |  30.6 |     189 |      14 |   6.9
            +---------+---------+-------+---------+---------+-------
        D:1 |      42 |       0 |   0.0 |      21 |       0 |   0.0
        D:2 |      70 |       0 |   0.0 |      14 |       0 |   0.0
        D:3 |     127 |       3 |   2.3 |      21 |       2 |   8.7
        D:4 |      40 |       0 |   0.0 |       9 |       0 |   0.0
        D:5 |     488 |       0 |   0.0 |      20 |       0 |   0.0
        D:6 |     333 |     286 |  46.2 |      15 |       3 |  16.7
        D:7 |     627 |     113 |  15.3 |      20 |       1 |   4.8
        D:8 |    1217 |       0 |   0.0 |      26 |       0 |   0.0
        D:9 |    1013 |     866 |  46.1 |      20 |       6 |  23.1
       D:10 |    1886 |    1304 |  40.9 |      23 |       2 |   8.0
            +---------+---------+-------+---------+---------+-------
